 Dungeon Crawl Stone Soup version 0.30-a0-1160-g6e42c06551 (webtiles) character file.

Game seed: 16541284864440839077

40 qeuew the Magician (level 3, -2/24 HPs)
             Began as a Demonspawn Hedge Wizard on Apr 25, 2023.
             Slain by an adder (4 damage)
             ... on level 2 of the Dungeon.
             The game lasted 00:02:14 (1531 turns).

qeuew the Magician (Demonspawn Hedge Wizard)        Turns: 1531, Time: 00:02:15

Health: -2/24      AC:  2    Str: 10    XL:     3   Next: 30%
Magic:  4/7        EV: 12    Int: 15    God:
Gold:   83         SH:  0    Dex: 14    Spells: 3/8 levels left

rFire   . . .        a - +0 dagger
rCold   . . .        (no shield)
rNeg    . . .        b - +0 robe
rPois   .            c - +0 hat
rElec   .            (no cloak)
rCorr   .            (no gloves)
SInv    .            (no boots)
Will    .....        (no amulet)
Stlth   ++           (no ring)
HPRegen 0.24/turn    (no ring)
MPRegen 0.10/turn

%: no passive effects
@: lethally poisoned (-2 -> -3), flying
A: antennae 1
a: no special abilities


You were on level 2 of the Dungeon.
You visited 1 branch of the dungeon, and saw 2 of its levels.

You collected 83 gold pieces.

Inventory:

Hand Weapons
 a - a +0 dagger (weapon)
Armour
 b - a +0 robe (worn)
 c - a +0 hat (worn)
Jewellery
 e - a +6 ring of intelligence
 j - an amulet of reflection
Scrolls
 f - a scroll of noise {unknown}
 i - a scroll of identify {unknown}
 k - a scroll of fear {unknown}
Potions
 d - 2 potions of magic
 g - a potion of flight


   Skills:
 + Level 0.2 Short Blades
 + Level 2.1 Dodging
 + Level 2.2 Stealth
 + Level 3.1 Spellcasting
 + Level 1.6 Conjurations
 + Level 1.5 Summonings
 + Level 1.2 Translocations


You had 3 spell levels left.
You knew the following spells:

 Your Spells              Type           Power      Damage    Failure   Level
a - Magic Dart            Conj           28%        1d4       11%         1
b - Blink                 Tloc           12%        N/A       19%         2
c - Call Imp              Summ           12%        N/A       16%         2

Your spell library contained the following spells:

 Spells                   Type           Power      Damage    Failure   Level
 Slow                     Hex            8%         N/A       21%         1
 Cigotuvi's Dreadful Rot  Necr/Pois/Air  4%         N/A       30%         2
 Mephitic Cloud           Conj/Pois/Air  3%         N/A       43%         3


Dungeon Overview and Level Annotations

Branches:
Dungeon (2/15)

Altars:


Innate Abilities, Weirdness & Mutations

You have a pair of small antennae on your head.


Message History

* * * LOW HITPOINT WARNING * * *
You feel sick. The adder misses you.
It was a potion of flight.
You feel very buoyant.
You fly up into the air.
* * * LOW HITPOINT WARNING * * *
You feel sick. The adder closely misses you.
It was a potion of curing.
You feel better. The adder bites you but does no damage.
Your cerulean imp completely misses the adder.
The adder bites you but does no damage.
Your cerulean imp completely misses the adder.
Casting: Call Imp (safe; 16% risk of failure)
Confirm with . or Enter, or press ? or * to list all spells.
You blink.
The adder bites you but does no damage.
Your cerulean imp barely misses the adder.
The adder completely misses you.
Your cerulean imp hits the adder with a -3 spear.
The adder bites you.
You are poisoned.
The adder poisons you!
You miss the adder.
The adder is lightly wounded.
You feel sick.
Your cerulean imp barely misses the adder.
The adder bites you but does no damage.
You closely miss the adder.
The adder is lightly wounded.
You feel sick. The adder bites you.
* * * LOW HITPOINT WARNING * * *
Your cerulean imp hits the adder but does no damage.
You miss the adder.
The adder is lightly wounded.
You feel sick. The adder barely misses you.
Your cerulean imp closely misses the adder.
You barely miss the adder.
The adder is lightly wounded.
You feel stable enough to blink again.
You feel sick. The adder bites you.
You die...

### ## ##.# #. ..# #.
#.## #. ##..###
#.############5S...#
..............ยง#@#.#
#.##########..#.# #
#.............#!#
##...).....##..#$#
##.........##..#.#
##.........##.....
.......>...###....
...#...........###.#
####.##.######.# #


You could see an adder (ally target) and a friendly cerulean imp (summoned).

Vanquished Creatures
  An adder (D:2)
  A dart slug (D:1)
  4 bats (D:1)
  4 endoplasms
  A giant cockroach (D:2)
  A hobgoblin (D:1)
  4 kobolds
  2 quokkas (D:1)
  4 ball pythons
  A frilled lizard (D:1)
  A goblin (D:1)
  2 rats (D:1)
26 creatures vanquished.

Vanquished Creatures (collateral kills)
  A hobgoblin (D:2)
  A kobold (D:2)
2 creatures vanquished.

Grand Total: 28 creatures vanquished

Notes
Turn   | Place    | Note
-------+----------+-------------------------------------------
     0 | D:1      | qeuew the Demonspawn Hedge Wizard began the quest for the
                  | Orb.
     0 | D:1      | Reached XP level 1. HP: 13/13 MP: 4/4
    75 | D:1      | Reached skill level 1 in Translocations
   231 | D:1      | Gained mutation: You have a pair of small antennae on your
                  | head. [demonic ancestry]
   231 | D:1      | Reached XP level 2. HP: 8/19 MP: 3/6
   656 | D:1      | Found a faded altar of an unknown god.
  1090 | D:1      | Learned a level 2 spell: Blink
  1093 | D:1      | Learned a level 2 spell: Call Imp
  1207 | D:2      | Reached XP level 3. HP: 23/24 MP: 0/7
  1531 | D:2      | Slain by an adder

Illustrated notes

Levels and vault maps discovered:
D:1:      minmay_arrival_arboretum_large, layout_basic,
          shapermc_ecumenical_altar_pompeii
D:2:      layout_basic, minmay_pentomino_o2

Skill      XL: |  1  2 |
---------------+-------+-----
Translocations | 1 |  1.2
Stealth        | 2 |  2.2
Dodging        | 2 |  2.1
Short Blades   | |  0.2
Spellcasting   | |  3.1
Conjurations   | |  1.6
Summonings     | |  1.5

Action                     || total
---------------------------++-------
  Melee: Dagger            ||    79
   Cast: Magic Dart        ||    48
         Call Imp          ||     3
         Blink             ||     2
    Use: Potion            ||     2
   Stab: Sleeping          ||     1
 Armour: Robe              ||    30
  Dodge: Dodged            ||    71

Table legend: (Time is in decaauts)
 A = Elapsed time spent in this place.
 B = Non-inter-level travel time spent in this place.
 C = Inter-level travel time spent in this place.
 D = Time resting spent in this place.
 E = Time spent auto-exploring this place.
 F = Levels seen in this place.
 G = Mean time per level.
                   A        B        C        D        E       F      G
               +--------+--------+--------+--------+--------+-----+--------+
         Total |   1530 |   1491 |     39 |      0 |   1249 |   2 |  765.0 |
       Dungeon |   1530 |   1491 |     39 |      0 |   1249 |   2 |  765.0 |
               +--------+--------+--------+--------+--------+-----+--------+

Top non-repeatable levels by time:
     D:1: 1132 daAuts
     D:2: 398 daAuts
